[Event "Lidkoping Open 2019"]
[Site "Lidkoping"]
[Date "2019.08.24"]
[Round "3.10"]
[White "Friberg, Hans"]
[Black "Kjellqvist, Fredrik"]
[Result "1-0"]
[ECO "A42"]
[WhiteElo "2129"]
[BlackElo "1778"]
[Annotator "NA"]
[PlyCount "89"]
[EventDate "2019.08.19"]
[EventType "swiss"]
[EventCountry "SWE"]
[SourceTitle "playchess.com"]
[Source "ChessBase"]
[SourceQuality "1"]
[TimeControl "2700+10"]

1. e4 d6 2. d4 g6 3. c4 Bg7 4. Nc3 f5 5. Be3 Nc6 6. d5 Ne5 7. h3 c5 8. Qd2 Nf6 9. f4 Nf7 10. exf5 Bxf5 11. Bd3 e6 12. dxe6 Bxe6 13. Nf3 a6 14. O-O Qd7 15. Rae1 O-O-O 16. Ng5 Bf5 17. Bxf5 gxf5 18. Nxf7 Qxf7 19. Qd3 Qg6 20. Bd2 Nh5 21. Nd5 Kb8 22. Ne7 Qf7 23. Nxf5 d5 24. Re7 Bd4+ 25. Kh2 dxc4 26. Qe4 Qd5 27. Qxd5 Rxd5 28. g4 Nf6 29. Bc3 Bxc3 30. bxc3 Rd2+ 31. Kg3 Rhd8 32. g5 R8d3+ 33. Rf3 Nd5 34. Rxh7 Nxc3 35. Rh8+ Kc7 36. Rxd3 cxd3 37. g6 Ne4+ 38. Kf3 Re2 39. Rh7+ Kb6 40. Rh6 Nd2+ 41. Kg4 Rg2+ 42. Kh5 Nf3 43. g7+ Kb5 44. Rg6 d2 45. Ne3 1-0

[Event "Lidkoping Open 2019"]
[Site "Lidkoping"]
[Date "2019.08.24"]
[Round "3.11"]
[White "Mardell, Jonas"]
[Black "Staunsbjerg, Valdemar A"]
[Result "1/2-1/2"]
[ECO "B22"]
[WhiteElo "2059"]
[BlackElo "1832"]
[Annotator "NA"]
[PlyCount "56"]
[EventDate "2019.08.19"]
[EventType "swiss"]
[EventCountry "SWE"]
[SourceTitle "playchess.com"]
[Source "ChessBase"]
[SourceQuality "1"]
[TimeControl "2700+10"]

1. e4 c5 2. c3 d5 3. exd5 Qxd5 4. d4 cxd4 5. cxd4 Nc6 6. Nf3 Bg4 7. Be2 e6 8. Nc3 Bb4 9. O-O Qa5 10. Be3 Nf6 11. Qb3 O-O 12. a3 Bxc3 13. bxc3 Qc7 14. Rac1 h6 15. c4 Rfd8 16. Rfd1 e5 17. dxe5 Nxe5 18. Nxe5 Bxe2 19. Rxd8+ Rxd8 20. Qb2 Bxc4 21. Nxc4 Qxc4 22. h3 Qa6 23. Rb1 Rd7 24. Qc3 b6 25. Bd4 Ne4 26. Qe3 Qb7 27. f3 Ng5 28. Qe5 Ne6 1/2-1/2

[Event "Lidkoping Open 2019"]
[Site "Lidkoping"]
[Date "2019.08.24"]
[Round "3.12"]
[White "Bergre, Joachim"]
[Black "Dyrnes, Jussi"]
[Result "1-0"]
[ECO "A41"]
[WhiteElo "1928"]
[BlackElo "1779"]
[Annotator "NA"]
[PlyCount "95"]
[EventDate "2019.08.19"]
[EventType "swiss"]
[EventCountry "SWE"]
[SourceTitle "playchess.com"]
[Source "ChessBase"]
[SourceQuality "1"]
[TimeControl "2700+10"]

1. Nf3 g6 2. g3 Bg7 3. d4 d6 4. Bg2 Nd7 5. c4 e6 6. Nc3 Ne7 7. O-O O-O 8. e3 a6 9. b3 b6 10. Bb2 Bb7 11. Rc1 Nf6 12. Qe2 Ne4 13. Rfd1 h6 14. a3 Ra7 15. b4 Qa8 16. Nxe4 Bxe4 17. Ne1 Bxg2 18. Nxg2 Qe4 19. f3 Qb7 20. Nf4 Rfa8 21. e4 b5 22. d5 e5 23. Nd3 bxc4 24. Rxc4 a5 25. Rdc1 Qb5 26. Kg2 axb4 27. Nxb4 Nc8 28. Qd3 Nb6 29. Rxc7 Qxd3 30. Nxd3 Rxc7 31. Rxc7 Na4 32. Bc1 f5 33. Kf2 Rb8 34. Rc4 Ra8 35. Ke2 Kf7 36. Rc7+ Kf6 37. Bd2 Bf8 38. Bb4 Nb6 39. Rc6 Nc8 40. Nb2 Na7 41. Ra6 Be7 42. Nc4 fxe4 43. fxe4 Kg5 44. h3 h5 45. Bxd6 Bxd6 46. Nxd6 h4 47. Nf7+ Kh5 48. g4# 1-0

[Event "Lidkoping Open 2019"]
[Site "Lidkoping"]
[Date "2019.08.24"]
[Round "3.13"]
[White "Nordstrom, Felix"]
[Black "Wiklund, Robert"]
[Result "1/2-1/2"]
[ECO "D58"]
[WhiteElo "2060"]
[BlackElo "1785"]
[Annotator "NA"]
[PlyCount "61"]
[EventDate "2019.08.19"]
[EventType "swiss"]
[EventCountry "SWE"]
[SourceTitle "playchess.com"]
[Source "ChessBase"]
[SourceQuality "1"]
[TimeControl "2700+10"]

1. d4 d5 2. c4 e6 3. Nc3 Nf6 4. Bg5 Be7 5. e3 O-O 6. Nf3 h6 7. Bh4 b6 8. Rc1 Bb7 9. Bxf6 Bxf6 10. cxd5 exd5 11. b4 c5 12. bxc5 bxc5 13. dxc5 Qa5 14. Qd2 Na6 15. Nb5 Qxd2+ 16. Kxd2 Bc6 17. Nfd4 Bxb5 18. Bxb5 Nc7 19. Bd3 Ne6 20. Nxe6 fxe6 21. f4 Rfc8 22. Ba6 Rc7 23. c6 e5 24. Rc5 Rd8 25. Rb1 exf4 26. exf4 Bd4 27. Rc2 Bb6 28. Rf1 Rd6 29. Bb5 Re7 30. Rf3 Kf7 31. g3 1/2-1/2

[Event "Lidkoping Open 2019"]
[Site "Lidkoping"]
[Date "2019.08.24"]
[Round "3.14"]
[White "Ronneland, Daniel"]
[Black "Andersson, Kjell-Ake"]
[Result "1-0"]
[ECO "C05"]
[WhiteElo "2137"]
[BlackElo "1922"]
[Annotator "NA"]
[PlyCount "57"]
[EventDate "2019.08.19"]
[EventType "swiss"]
[EventCountry "SWE"]
[SourceTitle "playchess.com"]
[Source "ChessBase"]
[SourceQuality "1"]
[TimeControl "2700+10"]

1. e4 e6 2. d4 d5 3. Nd2 Nf6 4. e5 Nfd7 5. f4 c5 6. c3 Nc6 7. Ne2 Qb6 8. Nf3 cxd4 9. cxd4 Bb4+ 10. Bd2 O-O 11. Bxb4 Qxb4+ 12. Qd2 f6 13. Qxb4 Nxb4 14. Kd2 fxe5 15. fxe5 Nb6 16. b3 Bd7 17. Nc3 a6 18. a3 Nc6 19. Bd3 Rxf3 20. gxf3 Nxd4 21. Raf1 Nxb3+ 22. Kc2 Nd4+ 23. Kb2 Rc8 24. Rhg1 Nc6 25. f4 Na5 26. Rg3 Nbc4+ 27. Ka2 Kh8 28. Rfg1 Rg8 29. Bxh7 1-0

[Event "Lidkoping Open 2019"]
[Site "Lidkoping"]
[Date "2019.08.24"]
[Round "3.15"]
[White "Frisk, Anders"]
[Black "Lind, Jan-Olov"]
[Result "0-1"]
[ECO "A36"]
[WhiteElo "1776"]
[BlackElo "2164"]
[Annotator "NA"]
[PlyCount "62"]
[EventDate "2019.08.19"]
[EventType "swiss"]
[EventCountry "SWE"]
[SourceTitle "playchess.com"]
[Source "ChessBase"]
[SourceQuality "1"]
[TimeControl "2700+10"]

1. c4 c5 2. Nc3 Nc6 3. g3 g6 4. Bg2 Bg7 5. a3 d6 6. Rb1 a5 7. d3 e5 8. Bd2 Nge7 9. e3 O-O 10. Nge2 Rb8 11. O-O Be6 12. Nd5 b5 13. Nxe7+ Nxe7 14. cxb5 Rxb5 15. Qa4 Bd7 16. Qc4 Qb8 17. Qc1 a4 18. Nc3 Rb3 19. Bf3 Qa7 20. Bd1 Rb6 21. b4 axb3 22. Rxb3 Rxb3 23. Bxb3 Bh3 24. Re1 Qb7 25. Bxf7+ Rxf7 26. Ne4 h6 27. Qc4 d5 28. Nxc5 Qc8 29. Qb5 Qg4 30. Qd7 Qxd7 31. Nxd7 Bxd7 0-1

[Event "Lidkoping Open 2019"]
[Site "Lidkoping"]
[Date "2019.08.24"]
[Round "3.16"]
[White "Andersen, Dag"]
[Black "Nordlund, Keith"]
[Result "1/2-1/2"]
[ECO "A43"]
[WhiteElo "1873"]
[BlackElo "2013"]
[Annotator "NA"]
[PlyCount "31"]
[EventDate "2019.08.19"]
[EventType "swiss"]
[EventCountry "SWE"]
[SourceTitle "playchess.com"]
[Source "ChessBase"]
[SourceQuality "1"]
[TimeControl "2700+10"]

1. d4 Nf6 2. Nf3 c5 3. d5 b5 4. g3 Bb7 5. Bg2 e6 6. dxe6 fxe6 7. O-O Be7 8. Bf4 Qb6 9. c3 O-O 10. Na3 a5 11. c4 b4 12. Nb5 d5 13. Nc7 Ra7 14. Nb5 Ra8 15. Nc7 Ra7 16. Nb5 1/2-1/2

[Event "Lidkoping Open 2019"]
[Site "Lidkoping"]
[Date "2019.08.24"]
[Round "3.17"]
[White "Loken, Espen"]
[Black "Svensson, Leif"]
[Result "1-0"]
[ECO "C22"]
[WhiteElo "1805"]
[BlackElo "2027"]
[Annotator "NA"]
[PlyCount "45"]
[EventDate "2019.08.19"]
[EventType "swiss"]
[EventCountry "SWE"]
[SourceTitle "playchess.com"]
[Source "ChessBase"]
[SourceQuality "1"]
[TimeControl "2700+10"]

1. e4 e5 2. d4 exd4 3. Qxd4 Nc6 4. Qe3 b6 5. Bd2 Bc5 6. Qg3 Qe7 7. Nc3 Nf6 8. O-O-O O-O 9. f4 Nxe4 10. Nxe4 Qxe4 11. Bd3 Qa4 12. Bc3 Bd4 13. Ne2 Bxc3 14. Nxc3 Qa5 15. Qh4 h6 16. a3 Ba6 17. g4 Bxd3 18. Rxd3 Qc5 19. g5 hxg5 20. fxg5 f6 21. Ne4 fxg5 22. Nxg5 Qf5 23. Rf3 1-0

[Event "Lidkoping Open 2019"]
[Site "Lidkoping"]
[Date "2019.08.24"]
[Round "3.18"]
[White "Andersson, Christian"]
[Black "Johansson, Stefan"]
[Result "1/2-1/2"]
[ECO "A36"]
[WhiteElo "1794"]
[BlackElo "2016"]
[Annotator "NA"]
[PlyCount "111"]
[EventDate "2019.08.19"]
[EventType "swiss"]
[EventCountry "SWE"]
[SourceTitle "playchess.com"]
[Source "ChessBase"]
[SourceQuality "1"]
[TimeControl "2700+10"]

1. c4 c5 2. g3 Nc6 3. Bg2 Nf6 4. Nc3 e6 5. e4 d6 6. Nf3 Be7 7. O-O a6 8. d4 cxd4 9. Nxd4 Na5 10. b3 Bd7 11. h3 Rb8 12. Qe2 Nc6 13. Be3 Nxd4 14. Bxd4 b5 15. e5 dxe5 16. Ba7 Rc8 17. Bb7 Qc7 18. Bxc8 Bxc8 19. Be3 Bb7 20. Rac1 Qc6 21. f3 b4 22. Na4 O-O 23. Qf2 Rc8 24. Kh2 Nh5 25. g4 Nf6 26. Rcd1 Bd6 27. Kg1 Ne8 28. c5 Bc7 29. Nb6 Rb8 30. Nc4 f5 31. Bc1 Nf6 32. Bb2 fxg4 33. Bxe5 Rf8 34. Bxc7 Qxc7 35. fxg4 Qc6 36. Kh2 Qc7+ 37. Qf4 Qxc5 38. Qe5 Qc6 39. Qe2 h6 40. Ne5 Qc3 41. Rd3 Qc7 42. Kg1 Qb6+ 43. Kh2 Qc7 44. Kg1 Qc5+ 45. Qe3 Qc2 46. Rd2 Qc7 47. Ng6 Re8 48. Ne5 Ne4 49. Rd7 Qxe5 50. Rxb7 Qd5 51. Rff7 Qd1+ 52. Kg2 Qc2+ 53. Kg1 Qd1+ 54. Kg2 Qc2+ 55. Kg1 Qd1+ 56. Kg2 1/2-1/2

[Event "Lidkoping Open 2019"]
[Site "Lidkoping"]
[Date "2019.08.24"]
[Round "3.19"]
[White "Arvidsson, Jonas"]
[Black "Lunde, Sigmund"]
[Result "1-0"]
[ECO "B94"]
[WhiteElo "1993"]
[BlackElo "1806"]
[Annotator "NA"]
[PlyCount "125"]
[EventDate "2019.08.19"]
[EventType "swiss"]
[EventCountry "SWE"]
[SourceTitle "playchess.com"]
[Source "ChessBase"]
[SourceQuality "1"]
[TimeControl "2700+10"]

1. e4 c5 2. Nf3 d6 3. d4 cxd4 4. Nxd4 Nf6 5. Nc3 a6 6. Bg5 e5 7. Nb3 Be7 8. Qd2 O-O 9. O-O-O Nbd7 10. g3 b5 11. f3 Bb7 12. Bh3 b4 13. Ne2 Nxe4 14. Bxe7 Nxd2 15. Bxd8 Nxb3+ 16. axb3 Rfxd8 17. Rxd6 Nf6 18. Rxd8+ Rxd8 19. Bg2 Kf8 20. Rd1 Rxd1+ 21. Kxd1 g5 22. Kd2 Ke7 23. c4 Kd6 24. Nc1 a5 25. Ke2 Kc5 26. Nd3+ Kd4 27. Ne1 a4 28. Nc2+ Kc5 29. Na1 g4 30. bxa4 Kxc4 31. Kd2 gxf3 32. Bf1+ Kd5 33. Nc2 Kc5 34. Ne3 Ne4+ 35. Kc2 Nd6 36. a5 Nb5 37. Kd2 Nd4 38. Bc4 f2 39. b3 f5 40. Kd1 Bf3+ 41. Kd2 Be4 42. h3 f4 43. gxf4 exf4 44. Ng4 Bg2 45. Nxf2 Nc6 46. Nd3+ Kd6 47. Nxf4 Be4 48. a6 Na7 49. Ke3 Bc6 50. Kd4 Bd7 51. h4 Nc6+ 52. Ke4 Kc5 53. Nh5 h6 54. Nf6 Bh3 55. Ng8 Bg2+ 56. Kf4 h5 57. Nf6 Kb6 58. Nxh5 Na5 59. Bf7 Kxa6 60. Nf6 Kb5 61. h5 Nb7 62. h6 Nd6 63. Bg6 1-0

[Event "Lidkoping Open 2019"]
[Site "Lidkoping"]
[Date "2019.08.24"]
[Round "3.20"]
[White "Forsberg, Gunnar"]
[Black "Beslagic, Smail"]
[Result "0-1"]
[ECO "D02"]
[WhiteElo "1753"]
[BlackElo "1853"]
[Annotator "NA"]
[PlyCount "112"]
[EventDate "2019.08.19"]
[EventType "swiss"]
[EventCountry "SWE"]
[SourceTitle "playchess.com"]
[Source "ChessBase"]
[SourceQuality "1"]
[TimeControl "2700+10"]

1. d4 Nf6 2. Nf3 d5 3. g3 g6 4. Bg2 Bg7 5. O-O O-O 6. c3 c6 7. Bf4 Nbd7 8. Qc1 Qb6 9. b3 Re8 10. Nbd2 c5 11. dxc5 Qxc5 12. Ne5 Nh5 13. b4 Nxf4 14. gxf4 Qd6 15. Nxd7 Bxd7 16. Nf3 Rac8 17. Ne5 Bxe5 18. fxe5 Qxe5 19. Qd2 e6 20. Rac1 Rc4 21. f4 Qc7 22. Rf3 Rc8 23. f5 exf5 24. Qh6 Qe5 25. Re3 Qg7 26. Qxg7+ Kxg7 27. Bxd5 Rg4+ 28. Kf2 Bc6 29. Bxc6 Rxc6 30. Rd1 Rgc4 31. Rdd3 b5 32. Rd7 Rc7 33. Rdd3 h5 34. Kf3 a6 35. h3 R4c6 36. a3 Kf6 37. Kg3 g5 38. Rf3 Re7 39. Kf2 h4 40. Ke1 Rce6 41. e3 Kg6 42. Kd2 g4 43. hxg4 fxg4 44. Rf4 f5 45. Rd5 Re5 46. Rd6+ R7e6 47. Rd8 h3 48. Rg8+ Kh6 49. Rh8+ Kg5 50. Rg8+ Rg6 51. Rf8 h2 52. Rf1 g3 53. e4 f4 54. R8xf4 g2 55. Rf5+ Rxf5 56. Rxf5+ Kg4 0-1

[Event "Lidkoping Open 2019"]
[Site "Lidkoping"]
[Date "2019.08.24"]
[Round "3.21"]
[White "Andersson, Christer"]
[Black "Bermann, Martin"]
[Result "1/2-1/2"]
[ECO "A48"]
[WhiteElo "1672"]
[BlackElo "1889"]
[Annotator "NA"]
[PlyCount "74"]
[EventDate "2019.08.19"]
[EventType "swiss"]
[EventCountry "SWE"]
[SourceTitle "playchess.com"]
[Source "ChessBase"]
[SourceQuality "1"]
[TimeControl "2700+10"]

1. Nf3 Nf6 2. d4 g6 3. Bg5 Ne4 4. Bf4 Bg7 5. Nbd2 Nxd2 6. Qxd2 O-O 7. Bh6 d5 8. h4 Nd7 9. h5 Nf6 10. hxg6 fxg6 11. Bxg7 Kxg7 12. Qh6+ Kf7 13. Ng5+ Ke8 14. Nxh7 Rg8 15. Nxf6+ exf6 16. Qh7 Be6 17. Qh6 Qe7 18. Qd2 Rd8 19. O-O-O Kd7 20. Qa5 a6 21. e3 Qd6 22. Rd3 Rh8 23. Rxh8 Rxh8 24. Kd2 Rh1 25. Be2 Rh2 26. Qa4+ b5 27. Qa5 Rxg2 28. Ra3 Rxf2 29. Kd1 Qh2 30. Qxa6 Qg1+ 31. Kd2 Bg4 32. Qxb5+ Ke7 33. Qc5+ Kd7 34. Qxd5+ Ke7 35. Qc5+ Kd7 36. Qd5+ Ke7 37. Qc5+ Kd7 1/2-1/2

[Event "Lidkoping Open 2019"]
[Site "Lidkoping"]
[Date "2019.08.24"]
[Round "3.22"]
[White "Nyberg, Arne"]
[Black "Bratic, Asim"]
[Result "1/2-1/2"]
[ECO "B92"]
[WhiteElo "1967"]
[BlackElo "1825"]
[Annotator "NA"]
[PlyCount "79"]
[EventDate "2019.08.19"]
[EventType "swiss"]
[EventCountry "SWE"]
[SourceTitle "playchess.com"]
[Source "ChessBase"]
[SourceQuality "1"]
[TimeControl "2700+10"]

1. e4 c5 2. Nf3 d6 3. d4 cxd4 4. Nxd4 Nf6 5. Nc3 a6 6. Be2 e5 7. Nb3 Be7 8. O-O Be6 9. Be3 Nbd7 10. Qd2 Rc8 11. f3 O-O 12. Rfd1 b5 13. a3 Nb6 14. Kh1 Bc4 15. Na5 Bxe2 16. Nxe2 Nc4 17. Nxc4 Rxc4 18. Bg5 Qc7 19. c3 Rd8 20. Ng3 h6 21. Be3 Rd7 22. Nf5 d5 23. Nxe7+ Rxe7 24. exd5 Rd7 25. d6 Qd8 26. h3 Rc6 27. Qe2 Rcxd6 28. Rxd6 Rxd6 29. a4 Nh5 30. Qf2 bxa4 31. Rxa4 Rg6 32. Rg4 Rxg4 33. fxg4 Nf6 34. Qf5 Qa5 35. Bxh6 Qa1+ 36. Kh2 Qxb2 37. Bg5 Qxc3 38. Bxf6 gxf6 39. Qxf6 a5 40. Qd8+ 1/2-1/2

[Event "Lidkoping Open 2019"]
[Site "Lidkoping"]
[Date "2019.08.24"]
[Round "4.1"]
[White "Svensson, Bengt"]
[Black "Ernst, Thomas"]
[Result "1/2-1/2"]
[ECO "B66"]
[WhiteElo "2310"]
[BlackElo "2329"]
[Annotator "NA"]
[PlyCount "135"]
[EventDate "2019.08.19"]
[EventType "swiss"]
[EventCountry "SWE"]
[SourceTitle "playchess.com"]
[Source "ChessBase"]
[SourceQuality "1"]
[TimeControl "2700+10"]

1. e4 c5 2. Nf3 d6 3. d4 cxd4 4. Nxd4 Nf6 5. Nc3 Nc6 6. Bg5 e6 7. Qd2 a6 8. O-O-O Bd7 9. f3 Be7 10. Be3 Qc7 11. g4 h6 12. Kb1 Rc8 13. h4 Ne5 14. Bd3 Nc4 15. Bxc4 Qxc4 16. g5 hxg5 17. hxg5 Nh5 18. g6 b5 19. gxf7+ Kxf7 20. Qg2 b4 21. Rdg1 g5 22. Nd1 e5 23. b3 Qc7 24. Nf5 Bxf5 25. exf5 Nf4 26. Bxf4 exf4 27. Qe2 Qd7 28. Qd3 Qb5 29. Qe4 Qe5 30. Qxe5 dxe5 31. Nf2 Bc5 32. Ne4 Bxg1 33. Rxg1 Rcg8 34. Rd1 Rd8 35. Rg1 Rh5 36. Kb2 Rd4 37. Nxg5+ Kf6 38. Ne4+ Kxf5 39. Rg8 Rh3 40. Rg5+ Ke6 41. Rg6+ Ke7 42. Ng5 Rg3 43. Re6+ Kd7 44. Rxe5 Rg1 45. a3 bxa3+ 46. Kxa3 Ra1+ 47. Kb2 Rf1 48. Ne6 Kd6 49. Re2 Rb4 50. c3 Rb5 51. Nxf4 Rxf3 52. Ne6 Re5 53. Rxe5 Kxe5 54. Nc5 Rf2+ 55. Ka3 Rf7 56. Kb4 Kd5 57. c4+ Kc6 58. Nxa6 Ra7 59. Nc5 Ra8 60. Nd3 Rb8+ 61. Kc3 Rh8 62. Ne5+ Kc7 63. b4 Rh1 64. Kd4 Rh4+ 65. Kd5 Kb6 66. Nd7+ Kc7 67. Ne5 Kb6 68. Nd7+ 1/2-1/2

[Event "Lidkoping Open 2019"]
[Site "Lidkoping"]
[Date "2019.08.24"]
[Round "4.2"]
[White "Ask, Josef"]
[Black "Andersson, Fredrik"]
[Result "1/2-1/2"]
[ECO "A04"]
[WhiteElo "2136"]
[BlackElo "2264"]
[Annotator "NA"]
[PlyCount "51"]
[EventDate "2019.08.19"]
[EventType "swiss"]
[EventCountry "SWE"]
[SourceTitle "playchess.com"]
[Source "ChessBase"]
[SourceQuality "1"]
[TimeControl "2700+10"]

1. e4 c5 2. d3 Nc6 3. g3 g6 4. Bg2 Bg7 5. Nf3 e6 6. O-O Nge7 7. Re1 d6 8. c3 O-O 9. d4 cxd4 10. cxd4 d5 11. e5 f6 12. Bf4 fxe5 13. dxe5 Qb6 14. Qd2 Bd7 15. Nc3 Rac8 16. Rad1 a6 17. h4 Na5 18. b3 Qc5 19. Rc1 Qb4 20. Red1 Qb6 21. Bg5 Rf7 22. Bxe7 Rxe7 23. Nxd5 exd5 24. Qxd5+ Kf8 25. Rxc8+ Bxc8 26. Ng5 1/2-1/2

[Event "Lidkoping Open 2019"]
[Site "Lidkoping"]
[Date "2019.08.24"]
[Round "4.3"]
[White "Blomqvist, Erik"]
[Black "Bergre, Joachim"]
[Result "1-0"]
[ECO "B01"]
[WhiteElo "2507"]
[BlackElo "1928"]
[Annotator "ChessBase"]
[PlyCount "49"]
[EventDate "2019.08.19"]
[EventType "swiss"]
[EventCountry "SWE"]
[SourceTitle "playchess.com"]
[Source "ChessBase"]
[SourceQuality "1"]
[TimeControl "2700+10"]

1. e4 d5 2. exd5 Qxd5 3. Nc3 Qd6 4. d4 Nf6 5. Nf3 c6 6. h3 Bf5 7. g3 e6 8. Bg2 h6 9. O-O Be7 10. Qe2 O-O 11. Rd1 Qc7 12. Ne5 Nbd7 13. f4 Nd5 14. Ne4 N7f6 15. Nf2 Nd7 16. c4 N5b6 17. Nf3 Rae8 18. b3 Bh7 19. a4 c5 20. a5 Nc8 21. Bb2 Nd6 22. g4 cxd4 23. Bxd4 Bf6 24. Ne5 Nc5 25. Qe3 1-0

[Event "Lidkoping Open 2019"]
[Site "Lidkoping"]
[Date "2019.08.24"]
[Round "4.4"]
[White "Winsnes, Rikard"]
[Black "Mattsson, Michael"]
[Result "0-1"]
[ECO "A20"]
[WhiteElo "2375"]
[BlackElo "2011"]
[Annotator "NA"]
[PlyCount "64"]
[EventDate "2019.08.19"]
[EventType "swiss"]
[EventCountry "SWE"]
[SourceTitle "playchess.com"]
[Source "ChessBase"]
[SourceQuality "1"]
[TimeControl "2700+10"]

1. g3 e5 2. c4 d5 3. cxd5 Qxd5 4. Nf3 Bb4 5. Nc3 Bxc3 6. dxc3 Qxd1+ 7. Kxd1 Nc6 8. Bg2 Bf5 9. Nd2 Nge7 10. Ke1 O-O-O 11. Ne4 f6 12. Bd2 Rd5 13. Be3 Rhd8 14. b4 b6 15. a4 a6 16. f4 R5d7 17. Kf2 Nd5 18. Bd2 a5 19. b5 Nce7 20. c4 Bxe4 21. Bxe4 Nxf4 22. Bxf4 exf4 23. gxf4 Rd4 24. Bd3 Rxf4+ 25. Kg3 Rfd4 26. Rhc1 g6 27. c5 Kb7 28. Rc2 bxc5 29. Rxc5 R8d5 30. Rc3 Rg5+ 31. Kf3 Nd5 32. Rc2 Rf4# 0-1

[Event "Lidkoping Open 2019"]
[Site "Lidkoping"]
[Date "2019.08.24"]
[Round "4.5"]
[White "Madebrink, Lars"]
[Black "Johnson, Daniel"]
[Result "1-0"]
[ECO "E12"]
[WhiteElo "2147"]
[BlackElo "2201"]
[Annotator "NA"]
[PlyCount "139"]
[EventDate "2019.08.19"]
[EventType "swiss"]
[EventCountry "SWE"]
[SourceTitle "playchess.com"]
[Source "ChessBase"]
[SourceQuality "1"]
[TimeControl "2700+10"]

1. d4 d5 2. Nf3 Nf6 3. c4 e6 4. Nc3 Be7 5. Bf4 O-O 6. e3 b6 7. h3 Bb7 8. Bd3 Nbd7 9. O-O dxc4 10. Bxc4 a6 11. Qe2 b5 12. Bd3 c5 13. Rfd1 Qb6 14. a3 Rac8 15. Ne5 Rfd8 16. Bg5 cxd4 17. exd4 Nf8 18. Ng4 Qd6 19. Bxf6 Bxf6 20. Be4 Qe7 21. Bxb7 Qxb7 22. Nxf6+ gxf6 23. Ne4 Kg7 24. Qf3 f5 25. Qg3+ Ng6 26. Nd6 Qd5 27. Nxc8 Rxc8 28. Qe3 Rg8 29. Rd3 Kh8 30. Re1 Rg7 31. g3 Nh4 32. Kf1 Ng2 33. Qe5 Nxe1 34. Qxd5 exd5 35. Kxe1 f6 36. Kd2 Rd7 37. Rf3 Kg7 38. Rxf5 Kf7 39. Rf3 Rc7 40. Rc3 Ra7 41. Rc6 Ke7 42. Ke3 a5 43. Kf4 b4 44. a4 b3 45. Rb6 Rc7 46. Rxb3 Rc4 47. Rb7+ Ke6 48. Ke3 Rxa4 49. Rxh7 Rb4 50. Ra7 a4 51. h4 Kf5 52. Kf3 Rxd4 53. Rb7 Rd3+ 54. Ke2 Rd4 55. f3 Rc4 56. Ke3 Rc2 57. g4+ Kg6 58. f4 Rg2 59. h5+ Kh6 60. Kf3 Rh2 61. Kg3 Re2 62. Rf7 Rxb2 63. Rxf6+ Kg7 64. g5 a3 65. Ra6 a2 66. Kg4 d4 67. h6+ Kh7 68. Ra7+ Kg8 69. g6 d3 70. Ra8+ 1-0

[Event "Lidkoping Open 2019"]
[Site "Lidkoping"]
[Date "2019.08.24"]
[Round "4.6"]
[White "Blomstrom, Lars"]
[Black "Friberg, Hans"]
[Result "1/2-1/2"]
[ECO "C11"]
[WhiteElo "2132"]
[BlackElo "2129"]
[Annotator "NA"]
[PlyCount "55"]
[EventDate "2019.08.19"]
[EventType "swiss"]
[EventCountry "SWE"]
[SourceTitle "playchess.com"]
[Source "ChessBase"]
[SourceQuality "1"]
[TimeControl "2700+10"]

1. e4 e6 2. d4 d5 3. Nc3 Nf6 4. e5 Nfd7 5. f4 c5 6. Nf3 Nc6 7. Be3 cxd4 8. Nxd4 Bc5 9. Qd2 O-O 10. O-O-O Nxd4 11. Bxd4 f6 12. Bxc5 Nxc5 13. exf6 Qxf6 14. g3 b6 15. Bg2 Bb7 16. Rhe1 Rfd8 17. Qd4 Kf7 18. Qxf6+ Kxf6 19. Bh3 Re8 20. Nb5 Re7 21. Nd4 Ne4 22. Bg2 g6 23. Bxe4 dxe4 24. Nb5 e5 25. Nd6 exf4 26. Nxb7 Rxb7 27. Rxe4 fxg3 28. hxg3 1/2-1/2

[Event "Lidkoping Open 2019"]
[Site "Lidkoping"]
[Date "2019.08.24"]
[Round "4.7"]
[White "Arvidsson, Jonas"]
[Black "Bellon Lopez, Juan Manuel"]
[Result "0-1"]
[ECO "B43"]
[WhiteElo "1993"]
[BlackElo "2335"]
[Annotator "NA"]
[PlyCount "44"]
[EventDate "2019.08.19"]
[EventType "swiss"]
[EventCountry "SWE"]
[SourceTitle "playchess.com"]
[Source "ChessBase"]
[SourceQuality "1"]
[TimeControl "2700+10"]

1. e4 c5 2. Nf3 e6 3. Nc3 a6 4. d4 cxd4 5. Nxd4 Qc7 6. Be3 Bb4 7. Qd2 Nf6 8. Bd3 d5 9. f3 e5 10. O-O-O exd4 11. Bxd4 dxe4 12. Rhe1 Be6 13. Bxe4 Nc6 14. Qg5 Nxd4 15. Qxg7 Qf4+ 16. Kb1 Rg8 17. g3 Rxg7 18. gxf4 Bxc3 19. bxc3 Nb5 20. Kb2 Nxe4 21. Rxe4 Rd8 22. Rde1 Nd6 0-1

[Event "Lidkoping Open 2019"]
[Site "Lidkoping"]
[Date "2019.08.24"]
[Round "4.8"]
[White "Nygren, Kim"]
[Black "Staunsbjerg, Valdemar A"]
[Result "1-0"]
[ECO "B37"]
[WhiteElo "2171"]
[BlackElo "1832"]
[Annotator "NA"]
[PlyCount "69"]
[EventDate "2019.08.19"]
[EventType "swiss"]
[EventCountry "SWE"]
[SourceTitle "playchess.com"]
[Source "ChessBase"]
[SourceQuality "1"]
[TimeControl "2700+10"]

1. e4 c5 2. Nf3 Nc6 3. d4 cxd4 4. Nxd4 g6 5. c4 Bg7 6. Nc2 Nf6 7. Nc3 O-O 8. Be2 a5 9. O-O a4 10. Be3 d6 11. f4 Qa5 12. Bf3 Bd7 13. Kh1 Nb4 14. Nxb4 Qxb4 15. e5 Ne8 16. Nd5 Qxb2 17. Bd4 Qa3 18. Nxe7+ Kh8 19. Bxb7 Rb8 20. Rf3 Bg4 21. Rxa3 Bxd1 22. Be4 Bg4 23. Rxa4 dxe5 24. Bxe5 Bxe5 25. fxe5 Nc7 26. Ra7 Ne6 27. Bd5 Rb2 28. h3 Be2 29. a4 Rc2 30. a5 Bxc4 31. a6 Bxd5 32. Nxd5 Rd8 33. Rxf7 Ng5 34. Rc7 Rxc7 35. Nxc7 1-0

[Event "Lidkoping Open 2019"]
[Site "Lidkoping"]
[Date "2019.08.24"]
[Round "4.9"]
[White "Beslagic, Smail"]
[Black "Ronneland, Daniel"]
[Result "1/2-1/2"]
[ECO "A48"]
[WhiteElo "1853"]
[BlackElo "2137"]
[Annotator "NA"]
[PlyCount "59"]
[EventDate "2019.08.19"]
[EventType "swiss"]
[EventCountry "SWE"]
[SourceTitle "playchess.com"]
[Source "ChessBase"]
[SourceQuality "1"]
[TimeControl "2700+10"]

1. d4 Nf6 2. Bf4 d6 3. Nf3 Nbd7 4. e3 g6 5. Nbd2 Bg7 6. Be2 O-O 7. h3 c5 8. c3 b6 9. O-O Bb7 10. Re1 Re8 11. Bb5 a6 12. Bxd7 Nxd7 13. a4 b5 14. axb5 axb5 15. Qb3 Qb6 16. Red1 e5 17. dxe5 dxe5 18. Bg3 c4 19. Qc2 Rxa1 20. Rxa1 Nc5 21. Ne1 Qc6 22. f3 Bh6 23. Bf2 e4 24. b4 cxb3 25. Nxb3 Nxb3 26. Qxb3 exf3 27. Nxf3 Bxe3 28. Rf1 Qc5 29. Bxe3 Rxe3 30. Nd4 1/2-1/2

[Event "Lidkoping Open 2019"]
[Site "Lidkoping"]
[Date "2019.08.24"]
[Round "4.10"]
[White "Nordlund, Jim"]
[Black "Muntean, Victor"]
[Result "1-0"]
[ECO "C47"]
[WhiteElo "2130"]
[BlackElo "2002"]
[Annotator "NA"]
[PlyCount "69"]
[EventDate "2019.08.19"]
[EventType "swiss"]
[EventCountry "SWE"]
[SourceTitle "playchess.com"]
[Source "ChessBase"]
[SourceQuality "1"]
[TimeControl "2700+10"]

1. e4 e5 2. Nf3 Nc6 3. Nc3 Nf6 4. d4 exd4 5. Nxd4 Nxe4 6. Nxe4 Qe7 7. f3 d5 8. Bb5 Bd7 9. Bxc6 bxc6 10. O-O dxe4 11. Re1 O-O-O 12. Rxe4 Qb4 13. Nb3 Bf5 14. Qxd8+ Kxd8 15. Rxb4 Bxb4 16. c3 Bd6 17. Be3 Re8 18. Re1 Be6 19. g3 Bd5 20. Kf2 a6 21. Bg5+ f6 22. Rxe8+ Kxe8 23. Be3 Bxb3 24. axb3 f5 25. Bd4 g6 26. c4 Ke7 27. c5 Ke6 28. cxd6 cxd6 29. Ke3 c5 30. Bc3 d5 31. Kd3 d4 32. Be1 Kd5 33. Bd2 h5 34. h4 Kd6 35. b4 1-0